Map: Ulrena

Players

Ciucaru - Winner!

  • Race: Terran Terran
  • League: Gold
  • Spawn Location: 7:00

zidar

  • Race: Zerg Zerg
  • League: Gold
  • Spawn Location: 11:00

VOD

Have the link to the VOD?

Description

Time

  • Played on: June 16, 2016, 2:58 p.m.
  • Length: 9:46
Show
View Real Time Build Order
Export as new Build Order

Ciucaru Terran - Winner!

Build Orders: 1/1/1, Liberator Opening 

Get SALT Encoding   

  12  0:01  SCV  
  13  0:13  SCV  
  14  0:22  Supply Depot  
  14  0:25  SCV  
  15  0:31  Refinery  
  15  0:44  SCV  
  15  0:47  Barracks  
  16  0:56  SCV  
  17  1:05  Supply Depot  
  17  1:08  SCV  
  18  1:16  Refinery  
  18  1:20  SCV  
  19  1:37  Marine, Factory  
  20  1:42  SCV  
  21  1:54  SCV  
  22  1:55  Marine  
  23  2:07  SCV  
  24  2:19  SCV  
  24  2:21  Factory Reactor  
  25  2:23  Starport  
  25  2:28  Factory  
  25  2:31  SCV  
  26  2:43  Liberator  
  26  2:44  Marine  
  25  2:45  Orbital Command  
  31  3:09  Widow Mine  
  31  3:10  Supply Depot  
  31  3:13  Marine, Factory Tech Lab  
  32  3:38  Command Center  
  32  3:49  Armory  
  32  3:52  Starport Reactor  
  32  3:59  Marine  
  35  4:07  Widow Mine  
  35  4:38  Drilling Claws  
  41  4:39  Liberator  
  41  4:43  Widow Mine  
  41  4:44  Widow Mine x2  
  44  5:07  Liberator  
  48  5:12  Widow Mine x2  
  45  5:27  SCV  
  49  5:38  Refinery  
  49  5:39  SCV  
  50  5:45  Refinery  
  56  5:51  SCV  
  56  5:53  Widow Mine  
  56  5:54  Widow Mine x2  
  57  6:04  SCV  
  58  6:16  SCV  
  61  6:22  Widow Mine  
  61  6:25  Widow Mine  
  60  6:30  SCV  
  60  6:31  Widow Mine  
  61  6:42  SCV  
  62  6:48  Liberator  
  62  6:54  SCV  
  62  6:55  Supply Depot  
  62  6:56  Supply Depot  
  67  7:01  Factory, Widow Mine x3  
  67  7:05  Factory  
  70  7:12  Orbital Command  
  74  7:30  Widow Mine x3  
  74  7:31  Marine  
  75  7:49  Marine  
  74  7:58  Widow Mine x3  
  69  8:06  Marine  
  69  8:10  Factory Reactor  
  69  8:11  Factory Reactor  
  70  8:13  SCV  
  73  8:24  Marine  
  73  8:25  SCV  
  73  8:26  Command Center  
  75  8:27  Widow Mine  
  79  8:37  Widow Mine  
  79  8:38  Widow Mine, SCV  
  80  8:42  Marine  
  81  8:50  SCV  
  86  8:55  Widow Mine  
  86  9:00  Widow Mine x2  
  86  9:11  Marine, SCV  
  98  9:18  Widow Mine x3  
  98  9:19  Widow Mine  
  102  9:24  Widow Mine  
  102  9:37  Supply Depot  
  102  9:38  Supply Depot  
  103  9:42  Supply Depot x2  
  103  9:44  Supply Depot  
Show
View Real Time Build Order
Export as new Build Order

zidar Zerg 

Build Orders: Hatch First 

Get SALT Encoding   

  12  0:02  Drone  
  13  0:12  Overlord  
  13  0:17  Drone  
  14  0:30  Drone x2  
  16  0:50  Hatchery  
  16  0:53  Drone  
  16  0:56  Extractor  
  15  0:58  Drone  
  16  1:16  Spawning Pool  
  15  1:21  Drone  
  16  1:29  Drone  
  16  1:31  Overlord  
  17  1:52  Drone  
  18  2:06  Queen  
  18  2:07  Queen  
  22  2:11  Zergling x4  
  24  2:18  Metabolic Boost  
  24  2:24  Drone  
  24  2:26  Drone  
  26  2:52  Roach Warren, Drone x4  
  29  3:10  Drone x4  
  33  3:16  Extractor  
  32  3:25  Drone x3  
  35  3:28  Drone  
  35  3:30  Overlord  
  35  3:31  Overlord  
  36  3:43  Pneumatized Carapace  
  36  3:49  Drone  
  36  3:54  Drone x6  
  43  4:08  Overlord  
  43  4:09  Overlord x2  
  43  4:14  Queen  
  36  4:51  Roach x6  
  48  5:04  Drone  
  46  5:20  Queen  
  45  5:26  Roach x7  
  59  5:33  Ravager x3  
  62  5:40  Drone  
  62  5:41  Drone x2  
  65  5:43  Drone  
  65  5:44  Drone  
  67  5:50  Drone  
  67  5:54  Ravager  
  69  6:00  Ravager  
  66  6:32  Roach x5  
  76  6:38  Extractor  
  76  6:39  Ravager  
  76  6:47  Overlord x3  
  74  7:03  Ravager  
  75  7:11  Ravager  
  70  7:26  Zergling x2  
  70  7:27  Zergling x20  
  81  7:40  Ravager  
  81  7:42  Ravager  
  57  8:10  Roach x5  
  57  8:11  Zergling x10  
  46  8:53  Drone x6  
  46  8:55  Drone x3  
  37  9:23  Ravager x2  
  37  9:24  Ravager  
  38  9:27  Hatchery  
  38  9:28  Drone x4  
  38  9:29  Drone x6  
  47  9:33  Ravager  
  47  9:35  Hatchery  
Tags
 
Add a new tag
Caveats
  • Supply blocks, unpowered buildings, or Contaminate may cause inaccurate times.
  • Supply counts are checked every 10 seconds.